 Dungeon Crawl Stone Soup version 0.32-a0-468-g38b2580584 (webtiles) character file.

Game seed: 11145099822973544747

7 gimp the Ducker (level 2, 23/23 HPs)
             Began as a Gnoll Wanderer on June 18, 2022.
             Got out of the dungeon alive.
             The game lasted 00:00:28 (189 turns).

gimp the Ducker (Gnoll Wanderer)                     Turns: 189, Time: 00:00:29

Health: 23/23      AC:  3    Str: 10    XL:     2   Next: 4%
Magic:  5/5        EV: 13    Int: 11    God:
Gold:   0          SH:  0    Dex: 12    Spells: 5/6 levels left

rFire   . . .        a - +2 mace
rCold   . . .        (no shield)
rNeg    . . .        d - +0 robe
rPois   .            b - +0 helmet
rElec   .            (no cloak)
rCorr   .            (no gloves)
SInv    .            (no boots)
Will    .....        (no amulet)
Stlth   +            (no ring)
HPRegen 0.23/turn    (no ring)
MPRegen 0.09/turn

%: no passive effects
@: no status effects
A: fangs 1, strong nose, distributed training
a: no special abilities


You escaped.
You visited 1 branch of the dungeon, and saw 1 of its levels.

Inventory:

Hand Weapons
 a - a +2 mace (weapon)
Armour
 b - a +0 helmet (worn)
 d - a +0 robe (worn)
Scrolls
 c - a scroll of blinking
Potions
 e - a potion of brilliance {unknown}


   Skills:
 + Level 2.4 Fighting
 + Level 0.2 Short Blades
 + Level 0.2 Long Blades
 + Level 0.2 Axes
 + Level 4.4 Maces & Flails
 + Level 0.2 Polearms
 + Level 0.2 Staves
 + Level 0.2 Ranged Weapons
 + Level 0.2 Throwing
 + Level 2.4 Armour
 + Level 4.4 Dodging
 + Level 0.2 Stealth
 + Level 0.2 Shields
 + Level 0.2 Unarmed Combat
 + Level 2.6 Spellcasting
 + Level 0.1 Conjurations
 + Level 0.1 Hexes
 + Level 0.1 Summonings
 + Level 0.1 Necromancy
 + Level 0.1 Translocations
 + Level 0.1 Fire Magic
 + Level 0.1 Ice Magic
 + Level 3.6 Air Magic
 + Level 0.1 Earth Magic
 + Level 0.1 Alchemy
 + Level 0.3 Invocations
 + Level 2.4 Evocations
 + Level 0.2 Shapeshifting


You had 5 spell levels left.
You knew the following spells:

 Your Spells              Type           Power      Damage    Failure   Level
a - Shock                 Conj/Air       20%        1d4       12%         1

Your spell library contained the following spells:

 Spells                   Type           Power      Damage    Failure   Level
 Swiftness                Air            9%         N/A       19%         3


Dungeon Overview and Level Annotations

Branches:
Dungeon (1/15) Zot: 5809

Altars:


Innate Abilities, Weirdness & Mutations

You have very sharp teeth.
Your uncanny sense of smell can sniff out nearby items.
Your experience applies equally to all skills.


Message History

A frilled lizard comes into view.
The frilled lizard hisses angrily.
You hit the goblin.
You kill the goblin!
The frilled lizard bites you but does no damage.
Things that are here:
a +0 dagger; a goblin corpse You hit the frilled lizard.
You kill the frilled lizard!
No target in view!
No target in view!
An endoplasm comes into view.
The endoplasm quivers.
An endoplasm is nearby!
An endoplasm is nearby!
You sock the endoplasm!
You kill the endoplasm!
No target in view!
No target in view!
A ball python and a goblin come into view.
There are monsters nearby!
There are monsters nearby!
The ball python hisses angrily.
The goblin shouts!
You hear a shout!
You hit the ball python.
You kill the ball python!
You closely miss the goblin. The goblin misses you.
You hit the goblin.
You kill the goblin!
You have reached level 2!
Health restored: 23; MP restored: 5 Saving game... please wait.
Welcome back, gimp the Gnoll Wanderer.
Press ? for a list of commands and other information.
Unknown command.
You see here a quokka corpse.
There is an open gate here.
There is an open door here.
There is a staircase leading out of the dungeon here.
Unknown command.
You have escaped!

##############
#....#...ß...#
#.@..#.ß.....+
#....#...⌠...#
#....'.ß...ß.#
###..#.......#
####..ß.ß..# ♣♣
#♣♣♣ #.......##♣♣♣.
#..♣♣###...###♣....
#♣....♣#'''#♣♣.....
#.......(.......♣##


There were no monsters in sight!

Vanquished Creatures
  A ball python (D:1)
  An endoplasm (D:1)
  2 goblins (D:1)
  A quokka (D:1)
  A frilled lizard (D:1)
6 creatures vanquished.

Notes
Turn   | Place    | Note
-------+----------+-------------------------------------------
     0 | D:1      | gimp the Gnoll Wanderer began the quest for the Orb.
     0 | D:1      | gimp set off with the following items: a +2 mace, a +0
                  | helmet, a scroll of blinking, a +0 robe; and the following
                  | spell memorised: Shock; and the following spells available
                  | to memorise: Swiftness.
     0 | D:1      | Reached XP level 1. HP: 17/17 MP: 4/4
   138 | D:1      | Reached XP level 2. HP: 23/23 MP: 5/5
   138 | D:1      | Upgraded the game from 0.29-a0-617-g7a6b98fccd to
                  | 0.32-a0-468-g38b2580584
   189 | D:$      | Got out of the dungeon alive.

Illustrated notes

Levels and vault maps discovered:
D:1:      sevenhm_arrival_forest_fort_large_2, layout_loops_ring,
          ebering_ecumenical_altar_petrified, minmay_curled_crystal

Action                     || total
---------------------------++-------
  Melee: Mace              ||    10
 Armour: Robe              ||     1
  Dodge: Dodged            ||     5

Table legend: (Time is in decaauts)
 A = Elapsed time spent in this place.
 B = Non-inter-level travel time spent in this place.
 C = Inter-level travel time spent in this place.
 D = Time resting spent in this place.
 E = Time spent auto-exploring this place.
 F = Levels seen in this place.
 G = Mean time per level.
                   A        B        C        D        E       F      G
               +--------+--------+--------+--------+--------+-----+--------+
         Total |    190 |    140 |     50 |      0 |    111 |   1 |  190.0 |
       Dungeon |    190 |    140 |     50 |      0 |    111 |   1 |  190.0 |
               +--------+--------+--------+--------+--------+-----+--------+

Top non-repeatable levels by time:
     D:1: 190 daAuts
